AoeStats
← Coco's Nuts™

Arena

503846593Analyzed
4v4 RM · 1mo ago on Sep 2, 2026· 72m 49s· 8 players
Game mode
Random Map
Map size
Large (8 player)
Population
200
Speed
Normal
Resources
Standard
Victory
Conquest
Starting age
Dark Age
Ending age
Imperial Age
RankedLock teamsTeams togetherTeam positionsShared explorationLock speedFull tech treeHidden civsTurbo modeCheats
Victory
Defeat
🇻🇳 Slavs · Vietnam
1373
+12
🇻🇳 Spanish · Vietnam
1341
+13
🇩🇪 Armenians · Germany
1293
+15
🇻🇳 Teutons · Vietnam
1275
+16
🇹🇼 Khmer · Taiwan
1305
-15
🇸🇬 Burgundians · Singapore
1289
-15
🇨🇳 Japanese · China
1282
-14
1245
-13
8316699
5:36 Double-Bit Axe
11:11 Feudal Age
10:53 Horse Collar
14:44 Castle Age
13:56 Heavy Plow
14:41 Bow Saw
21:06 Scale Barding Armor
21:11 Forging
21:49 Husbandry
22:43 Wheelbarrow
23:31 Two-Man Saw
22:04 Cavalier
26:47 Iron Casting
29:32 Chain Barding Armor
43:21 Crop Rotation
42:42 Stone Mining
43:55 Two-Man Saw
42:46 Gold Mining
43:14 Hand Cart
42:44 Loom
45:44 Imperial Age
46:38 Paladin
47:54 Plate Barding Armor
48:20 Blast Furnace
48:02 Gold Shaft Mining
48:03 Stone Shaft Mining
48:16 Fortified Wall
48:17 Masonry
47:48 Treadmill Crane
48:31 Fletching
48:42 Padded Archer Armor
49:23 Coinage
51:10 Bodkin Arrow
51:32 Burgundian Vineyards
51:48 Conscription
52:45 Bracer
53:00 Leather Archer Armor
52:58 Elite Skirmisher
54:07 Leather Archer Armor
53:53 Scale Mail Armor
54:41 Banking
57:22 Ballistics
58:04 Chemistry
57:53 Light Cavalry
58:48 Hussar
62:50 Capped Ram
64:26 Chain Mail Armor
67:35 Caravan
71:48 Squires
精銳萌古騎豬突猛進
9:45 Feudal Age
10:11 Loom
14:16 Castle Age
13:03 Horse Collar
13:35 Double-Bit Axe
19:59 Heavy Plow
23:24 Bow Saw
25:12 Wheelbarrow
24:22 Town Watch
25:12 Wheelbarrow
24:44 Fletching
26:04 Bodkin Arrow
26:51 Gold Mining
30:02 Imperial Age
27:34 Stone Mining
28:05 Padded Archer Armor
28:08 Husbandry
29:03 Gold Shaft Mining
29:39 Hand Cart
29:24 Town Patrol
29:39 Hand Cart
29:24 Town Patrol
29:47 Thumb Ring
31:11 Conscription
31:05 Bracer
31:21 Leather Archer Armor
31:50 Ballistics
32:36 Two-Man Saw
33:06 Chemistry
32:35 Parthian Tactics
32:13 Pikeman
32:54 Squires
32:40 Arson
34:58 Halberdier
36:39 Heavy Cavalry Archer
38:55 Scale Mail Armor
39:06 Forging
42:20 Bloodlines
43:10 Atheism
42:51 Marauders
46:14 Chain Mail Armor
46:35 Iron Casting
46:32 Elite Skirmisher
47:02 Light Cavalry
52:54 Guilds
53:15 Coinage
超可愛小海豹
9:14 Feudal Age
12:47 Castle Age
11:12 Double-Bit Axe
13:57 Horse Collar
17:49 Loom
19:11 Wheelbarrow
20:29 Bow Saw
21:09 Heavy Plow
24:47 Hand Cart
28:11 Imperial Age
25:29 Town Watch
27:31 Forging
27:26 Scale Barding Armor
27:20 Gold Mining
28:21 Bloodlines
28:11 Husbandry
28:53 Iron Casting
28:38 Chain Barding Armor
28:18 Elite Battle Elephant
30:04 Crop Rotation
29:29 Stone Mining
31:06 Gold Shaft Mining
31:50 Blast Furnace
31:36 Conscription
31:58 Plate Barding Armor
31:44 Tusk Swords
31:46 Fletching
33:17 Stone Shaft Mining
34:46 Light Cavalry
36:24 Fortified Wall
39:07 Elite Ballista Elephant
40:13 Double Crossbow
41:03 Ballistics
41:44 Chemistry
42:53 Masonry
42:49 Siege Engineers
42:46 Bodkin Arrow
46:12 Devotion
47:30 Hoardings
47:17 Bracer
52:34 Architecture
52:00 Murder Holes
52:15 Hussar
59:51 Caravan
63:04 Scale Mail Armor
63:02 Pikeman
64:12 Chain Mail Armor
63:29 Halberdier
missed and miss
11:04 Feudal Age
15:11 Castle Age
13:17 Double-Bit Axe
13:26 Horse Collar
20:50 Loom
30:44 Fletching
31:39 Bodkin Arrow
36:30 Ballistics
47:02 Murder Holes
47:56 Thumb Ring
48:54 Guard Tower
52:21 Wheelbarrow
56:23 Imperial Age
53:58 Padded Archer Armor
53:39 Treadmill Crane
56:00 Leather Archer Armor
57:06 Bracer
58:07 Chemistry
58:18 Keep
60:34 Hand Cart
62:37 Yasama
62:55 Masonry
63:48 Scale Mail Armor
63:58 Forging
65:10 Parthian Tactics
65:28 Gold Mining
65:28 Stone Mining
65:14 Pikeman
65:54 Squires
66:24 Conscription
67:04 Chain Mail Armor
71:39 Halberdier
Coco's Nuts™
7:21 Loom
10:48 Feudal Age
11:57 Double-Bit Axe
16:36 Castle Age
14:45 Horse Collar
18:15 Bow Saw
19:38 Wheelbarrow
21:21 Town Watch
26:36 Hand Cart
29:05 Imperial Age
27:20 Fletching
27:31 Padded Archer Armor
27:42 Heavy Plow
28:54 Hand Cart
28:37 Stone Mining
28:57 Bodkin Arrow
29:50 Bracer
30:13 Ballistics
31:04 Chemistry
29:56 Elite Composite Bowman
30:21 Pikeman
31:01 Squires
31:11 Halberdier
31:55 Scale Mail Armor
32:10 Leather Archer Armor
34:13 Chain Mail Armor
34:30 Ballistics
36:00 Leather Archer Armor
40:08 Conscription
41:05 Ring Archer Armor
41:05 Plate Mail Armor
41:02 Herbal Medicine
44:37 Forging
50:11 Sanctity
50:54 Onager
56:25 Capped Ram
62:47 Iron Casting
67:27 Elite Skirmisher
69:13 Arson
69:21 Arson
Spartacus
11:44 Feudal Age
15:28 Castle Age
13:37 Double-Bit Axe
13:32 Horse Collar
14:21 Gold Mining
15:15 Stone Mining
16:52 Bow Saw
16:52 Heavy Plow
20:35 Padded Archer Armor
21:45 Leather Archer Armor
25:00 Husbandry
26:54 Bloodlines
30:07 Wheelbarrow
32:46 Loom
41:58 Fortified Wall
44:19 Ballistics
48:08 Imperial Age
48:29 Elite Conquistador
51:36 Ring Archer Armor
51:55 Conscription
54:26 Two-Man Saw
53:19 Fletching
53:49 Sappers
54:39 Scale Barding Armor
54:45 Forging
55:48 Light Cavalry
58:25 Chain Barding Armor
58:23 Hussar
61:33 Plate Barding Armor
61:34 Iron Casting
62:31 Caravan
63:01 Coinage
66:03 Blast Furnace
67:32 Bodkin Arrow
68:39 Chemistry
67:51 Masonry
67:36 Murder Holes
70:18 Elite Skirmisher
71:04 Thumb Ring
72:10 Banking
71:50 Guilds
lequochuypy96
10:58 Feudal Age
11:47 Double-Bit Axe
15:16 Castle Age
13:11 Horse Collar
13:28 Gold Mining
15:12 Wheelbarrow
17:49 Bow Saw
17:50 Heavy Plow
21:52 Hand Cart
23:37 Stone Mining
26:20 Stone Shaft Mining
26:30 Loom
29:18 Imperial Age
28:38 Scale Barding Armor
28:44 Forging
28:52 Bloodlines
28:35 Pikeman
29:16 Squires
29:54 Cavalier
31:51 Chemistry
31:04 Masonry
31:18 Chain Barding Armor
31:33 Iron Casting
31:54 Conscription
32:25 Crop Rotation
32:59 Two-Man Saw
32:38 Plate Barding Armor
32:10 Paladin
35:58 Blast Furnace
34:49 Fletching
36:58 Halberdier
37:23 Arson
38:06 Bombard Tower
37:31 Arrowslits
38:28 Hoardings
39:16 Crenellations
40:29 Caravan
42:12 Scale Mail Armor
42:09 Bodkin Arrow
66:10 Chain Mail Armor
72:04 Plate Mail Armor
72:07 Coinage
danganharmy
11:06 Feudal Age
12:27 Double-Bit Axe
15:49 Castle Age
14:38 Man-at-Arms
16:09 Long Swordsman
21:53 Scale Mail Armor
23:17 Pikeman
30:56 Wheelbarrow
31:07 Horse Collar
31:27 Loom
33:31 Hand Cart
33:29 Town Watch
34:21 Bow Saw
35:43 Stone Mining
38:24 Fortified Wall
38:25 Masonry
52:27 Forging
52:32 Chain Mail Armor
52:53 Gold Mining
55:51 Squires
61:05 Iron Casting
64:07 Imperial Age
63:36 Heavy Plow
65:05 Capped Ram
67:09 Two-Man Saw
66:44 Siege Ram
71:38 Crop Rotation
71:27 Caravan
Connection lost

Rejoining the realm…

Still unreachable

The connection could not be restored.

Session expired

The server has moved on; the page needs a fresh start.